 BcadrenCrawl: Boulder Brew version 0.06-688-g08e91b2d95 (webtiles) character file.

Game seed: 9147865440320463000

916 Leeroy the Merged (level 7, -5/89 HPs) Pink Draconian Priest. Began on Jan 31, 2023. Was a Priest of Bahamut & Tiamat. Slain by Purgy (6 damage) ... on level 2 of the Dungeon. The game lasted 00:09:53 (2718 turns).

Leeroy the Merged (Pink Draconian Priest)           Turns: 2718, Time: 00:09:53

Health: -5/89      AC:  8    Str: 13    XL:     7 ^: 117
Magic:  21/21      EV: 12    Int: 10    God:    Bahamut & Tiamat [3* [97]]
Gold:   96         SH:  0    Dex: 16    Spells: 6/6 levels left

rFire    . . .     Slash    +     - Unarmed
rCold    . . .     Pierce   x     - Unarmed
rNeg     . . .     Bludgeon .   (armour unavailable)
rCorr    . . .     Vision   .   c - +1 hat
rPois    .         Gourm    .   (no cloak)
rElec    .         Faith    .   (no gloves)
MR       .....     Spirit   .   (no boots)
HPRegen  0.39/turn Reflect  .   (no amulet)
MPRegen  0.31/turn Harm     .   j - ring of magical power Stlth ++........Clarity +
                                (no ring)

@: about to teleport
A: deformed body 2, cold-blooded, summoning enhancer 1, clarity, draconic flesh,
AC +7
a: Breathe Butterflies, Adaptive Breath, Renounce Religion


You were on level 2 of the Dungeon.
You worshipped Bahamut & Tiamat.
Bahamut & Tiamat was most pleased with you.
You were very hungry.

You visited 1 branch of the dungeon, and saw 2 of its levels.
You also visited: Temple.

You collected 96 gold pieces.

Inventory:

Weapons
 k - a +1 dagger of venom
Armour
 c - a +1 hat (worn)
Jewellery
 g - an uncursed amulet of rage
 i - a cursed ring of strength {(Curse: *Drain)}
 j - a ring of magical power (left hand)
 l - a cursed ring of strength {(Curse: MR-)}
Scrolls
 f - a scroll of silence
Potions
 b - 2 potions of curing
 h - a potion of might
 m - a potion of mutation
Comestibles
 a - 4 rations


   Skills:
 + Level 7.5 Fighting
 + Level 0.3 Short Blades
 - Level 1.5 Dodging
 - Level 1.4 Stealth
 - Level 2.6 Unarmed Combat
 + Level 7.9 Invocations


You had 6 spell levels left.
You didn't know any spells.
Your spell library was empty.

Dungeon Overview and Level Annotations

Branches:
Dungeon (2/8)

Altars:

Annotations:
D:2 Dowan, Duvessa, Purgy


Innate Abilities, Weirdness & Mutations

Your fierce pink scales are resilient. (AC +7)
You can breathe friendly butterflies.
You cannot wear any armour on your peculiar form.
You are cold-blooded and are slowed more easily by cold attacks.
You are in touch with the powers of summonings.
Your fierce pink scales grant you exceptional clarity of mind. (clarity)
Your scales resist being cut, but it's oddly easy to stick a small blade between them. (rSlashing+, rPiercing-)


Message History

* * * LOW HITPOINT WARNING * * *
Your butterfly disappears in a puff of smoke!
Purgy the Meek comes into view.
Unknown command.
You have got your breath back.
A sewer rat comes into view.
A sewer rat comes into view.
Purgy misses the giant blowfly. x2
Purgy completely misses the giant blowfly.
A sewer rat comes into view. x5
A sewer rat comes into view.
The sewer rat bites you (5).
You are perforated ruthlessly!
* * * LOW HITPOINT WARNING * * *
Unknown command.
As you read the scroll of teleportation, it crumbles to dust.
You feel strangely unstable. The sewer rat bites you (4).
You are perforated ruthlessly!
* * * LOW HITPOINT WARNING * * *
Purgy bites you (6).
You are perforated ruthlessly!
You die...

#.≈#..##.≈≈≈≈≈≈≈##≈≈≈##
###;.≈≈≈≈#≈≈≈≈≈≈≈≈.##≈.≈#####
#≈#...#..≈≈≈≈≈≈≈≈≈###≈≈§≈≈≈.≈
#P##..####≈≈≈≈≈≈≈≈# ##≈§J.≈≈≈
##≈.≈≈## #≈≈≈≈≈≈≈≈# ##lK≈≈r≈
#≈≈..## #≈J≈≈≈b≈≈#≈..##≈J†##
#.≈### ###≈≈≈≈≈≈≈.#..≈ #≈<†#
##≈.## ##≈.≈≈J≈.......# #####
##..###..#.r@T.≈≈...P#
#P....##≈..≈r.≈≈≈...≈#
##..≈..###≈≈r.≈≈≈≈b..#
##≈#.≈.##<≈r.≈≈≈≈#..##
###..###...≈rr≈....≈# PP.#
#.≈.≈r......# .###
#≈≈..r≈≈..≈#### ## ##
#≈≈≈.≈≈≈.###≈≈# ##.
#≈≈≈.≈≈≈..#...####.#


You could see a submerged slime creature, Purgy, a submerged ooze and 8 sewer
rats.

Vanquished Creatures
  Menkaure (D:2)
  A water moccasin (D:2)
  3 big kobolds (D:2)
  2 jellies (D:2)
  13 giant cockroaches
  16 sewer rats
  10 cinder newts
  11 oozes
  2 dart slugs (D:1)
  2 leopard geckos (D:1)
  A cinder newt skeleton (D:2)
  5 goblins (D:1)
  9 hobgoblins (D:1)
  3 kobolds (D:1)
  6 bats (D:1)
  A jackal skeleton (D:2)
  An orc skeleton (D:2)
  6 rats (D:1)
93 creatures vanquished.

Vanquished Creatures (others)
  6 giant cockroaches (D:2)
  4 sewer rats (D:2)
  2 worms (D:2)
  An ooze (D:2)
  2 ball pythons (D:2)
  A bat (D:2)
  A cinder newt skeleton (D:2)
  17 kobolds (D:2)
  3 giant blowflies (D:2)
  6 slimeheads (D:2)
  106 withered plants (D:2)
149 creatures vanquished.

Grand Total: 242 creatures vanquished

Notes
Turn   | Place    | Note
-------+----------+-------------------------------------------
     0 | Start Te | Leeroy the Immature Draconian Priest began the quest for
                  | the Orb.
     0 | Start Te | Reached XP level 1. HP: 29/29 MP: 3/3
     0 | Start Te | Found a sparkling altar of Nemelex Xobeh.
     1 | Start Te | Found a basalt altar of Yredelemnul.
     1 | Start Te | Found a white marble altar of Elyvilon.
     2 | Start Te | Found an iron altar of Okawaru.
     3 | Start Te | Found a glowing silver altar of Zin.
     3 | Start Te | Found a blossoming altar of Fedhas.
     4 | Start Te | Found a stormy altar of Qazlal.
     5 | Start Te | Found a glowing golden altar of the Shining One.
     5 | Start Te | Found an opulent altar of Gozag.
     6 | Start Te | Found a sacrificial altar of Ru.
     7 | Start Te | Found an ornate altar of Bahamut and Tiamat.
     7 | Start Te | Found a hazy altar of Hepliaklqana.
    15 | Start Te | Became a worshipper of Bahamut & Tiamat
    15 | Start Te | Reached * piety under Bahamut & Tiamat
    15 | Start Te | Reached ** piety under Bahamut & Tiamat
    35 | D:1      | Reached skill level 1 in Fighting
    35 | D:1      | Reached XP level 2. HP: 39/39 MP: 5/5
   127 | D:1      | Reached XP level 3. HP: 46/49 MP: 6/6
   244 | D:1      | Reached skill level 5 in Invocations
   424 | D:1      | Reached XP level 4. HP: 55/59 MP: 7/7
   653 | D:1      | Reached *** piety under Bahamut & Tiamat
   654 | D:1      | Reached XP level 5. HP: 69/69 MP: 9/9
   880 | D:2      | Reached skill level 5 in Fighting
   948 | D:2      | Noticed Duvessa
   949 | D:2      | Noticed Dowan
   981 | D:2      | Reached XP level 6. HP: 60/79 MP: 10/10
  1933 | D:2      | Noticed a slime creature
  1980 | D:1      | Reached **** piety under Bahamut & Tiamat
  1980 | D:1      | Your scales start taking on a fierce pink colour.
  1980 | D:1      | Reached XP level 7. HP: 29/89 MP: 12/12
  1980 | D:1      | Gained mutation: Your fierce pink scales grant you
                  | exceptional clarity of mind. (clarity) [Pink Draconian
                  | growth]
  1980 | D:1      | Gained mutation: You are in touch with the powers of
                  | summonings. [Pink Draconian growth]
  2250 | D:2      | Found a faded altar of an unknown god.
  2560 | D:2      | Noticed Menkaure
  2578 | D:2      | Killed Menkaure
  2712 | D:2      | Noticed Purgy
  2718 | D:2      | HP: 1/89 [sewer rat (4)]
  2718 | D:2      | Slain by Purgy

Illustrated notes

Levels and vault maps discovered:
D:1:      dpeg_arrival_arbitrary_b, layout_rooms, first_ration,
          gup_sewer_entry_bowl
D:2:      layout_sewer, overflow_temple_1_default, sewer_frog_spiral,
          chequers_ecumenical_altar_island, uniq_ijyb, uniq_purgy, uniq_duvessa,
          uniq_menkaure

Skill      XL: |  1  2  3  4  5  6  7 |
---------------+----------------------+-----
Fighting       | 1 2 4 5 7 |  7.5
Invocations    | 5 6 7 |  7.9
Short Blades   | |  0.3
Dodging        | |  1.5
Stealth        | |  1.4
Unarmed Combat | |  2.6

Action                   |  1- 3 |  4- 6 |  7- 9 || total
-------------------------+-------+-------+-------++-------
Melee: Unarmed           |   101 |   516 |   156 ||   773
       Peck              |     5 |    52 |    24 ||    81
       Dagger            |       |       |     3 ||     3
Invok: Adaptive Breath   |       |     1 |     3 ||     4
       Choose Bahamut's  |       |     1 |       ||     1
       Choose Tiamat's A |       |     1 |       ||     1
 Abil: Breathe Butterfli |       |       |     2 ||     2
  Use: Potion            |       |       |     2 ||     2
       Scroll            |       |       |     1 ||     1
 Stab: Sleeping          |       |     2 |       ||     2
       Confused          |       |       |     5 ||     5
  Eat: Chunk             |       |     4 |     3 ||     7
Armor: Skin              |    12 |   107 |    24 ||   143
Dodge: Dodged            |    12 |    69 |    12 ||    93
